Map: Port Aleksander LE

Players

Lambo - Winner!

  • Race: Zerg Zerg
  • League: Grandmaster
  • Spawn Location: 5:00

llllllllllll

  • Race: Protoss Protoss
  • Spawn Location: 11:00

VOD

Have the link to the VOD?

Description

Time

  • Played on: Jan. 11, 2019, 3:34 p.m.
  • Length: 8:24
Show
View Real Time Build Order
Export as new Build Order

Lambo Zerg - Winner!

Build Orders: Hatch First 

Get SALT Encoding   

  12  0:00  Drone  
  13  0:12  Overlord  
  13  0:17  Drone  
  14  0:30  Drone x2  
  16  0:48  Hatchery  
  15  0:52  Drone  
  15  0:56  Drone  
  17  0:59  Drone  
  18  1:09  Extractor  
  17  1:14  Spawning Pool  
  17  1:18  Drone  
  17  1:21  Drone  
  18  1:27  Drone  
  19  1:38  Drone  
  20  1:52  Overlord  
  20  2:03  Queen x2, Zergling x2  
  20  2:04  Zergling x2  
  26  2:13  Drone  
  26  2:14  Drone  
  28  2:22  Drone x2  
  30  2:39  Hatchery  
  30  2:40  Drone  
  30  2:46  Drone  
  30  2:49  Queen  
  32  3:00  Drone  
  32  3:02  Overlord  
  32  3:03  Drone x2  
  35  3:17  Drone  
  35  3:18  Overlord  
  36  3:21  Drone x6  
  36  3:24  Lair  
  36  3:26  Drone  
  43  3:33  Queen, Extractor  
  44  3:39  Drone x2  
  46  3:42  Roach Warren  
  46  3:46  Drone x2  
  47  3:49  Drone x2  
  49  3:55  Drone x2  
  49  3:56  Extractor  
  49  4:00  Drone x2  
  49  4:01  Overlord  
  52  4:08  Overlord, Drone  
  53  4:14  Drone  
  53  4:15  Drone  
  53  4:16  Drone x2  
  57  4:22  Roach x3  
  57  4:23  Roach  
  57  4:24  Overseer  
  65  4:25  Overseer  
  65  4:28  Glial Reconstitution  
  65  4:32  Overlord  
  65  4:34  Roach  
  65  4:37  Roach  
  69  4:43  Spore Crawler  
  69  4:44  Drone x3  
  63  4:47  Drone x2  
  63  4:50  Drone  
  59  4:53  Drone  
  59  4:57  Drone x2  
  60  5:03  Drone  
  60  5:06  Drone x2  
  60  5:09  Drone  
  60  5:12  Drone x2  
  63  5:15  Overlord  
  63  5:17  Overlord  
  63  5:21  Drone  
  63  5:22  Drone  
  63  5:24  Drone  
  63  5:27  Drone x2  
  68  5:30  Drone x2  
  68  5:31  Drone  
  68  5:35  Drone x2  
  73  5:44  Drone x2  
  73  5:45  Roach x3  
  73  5:46  Extractor  
  80  6:01  Roach x6, Tunneling Claws  
  80  6:03  Burrow  
  90  6:07  Overlord  
  90  6:09  Overlord  
  90  6:17  Overlord  
  89  6:20  Overlord  
  89  6:22  Overlord x2  
  89  6:25  Overlord  
  89  6:28  Overlord  
  89  6:31  Roach x4  
  97  6:39  Roach x4  
  105  6:44  Roach x2  
  109  6:49  Roach x3  
  115  6:55  Roach x3  
  115  6:59  Roach  
  123  7:03  Roach x4  
  131  7:10  Roach x2  
  131  7:12  Evolution Chamber  
  131  7:13  Roach  
  136  7:20  Roach x5  
  136  7:22  Roach x5  
  135  7:25  Roach x16  
  142  7:30  Roach x2  
  142  7:31  Overlord  
  142  7:35  Overlord  
  142  7:36  Roach x9  
  146  7:37  Overlord  
  146  7:39  Roach  
  146  7:42  Roach x8, Overlord  
  146  7:48  Roach x27  
  144  7:51  Roach x5  
  144  7:54  Roach x6  
  144  7:56  Roach x5  
  144  7:57  Roach x5  
  156  8:03  Roach  
  156  8:04  Roach  
Show
View Real Time Build Order
Export as new Build Order

llllllllllll Protoss 

Build Orders: 1 Gate Expand, Oracle Opening, Zealot Archon, Archon Drop 

Get SALT Encoding   

  12  0:00  Probe  
  13  0:13  Probe  
  14  0:18  Pylon  
  14  0:24  Probe  
  15  0:33  Probe  
  15  0:39  Gateway  
  15  0:41  Probe  
  16  0:48  Assimilator  
  17  0:51  Probe  
  18  1:03  Probe  
  19  1:15  Probe  
  20  1:28  Nexus  
  20  1:38  Cybernetics Core  
  20  1:42  Probe  
  21  1:48  Assimilator  
  21  1:54  Probe  
  21  1:57  Pylon  
  22  2:06  Probe  
  22  2:07  Adept  
  23  2:16  Warp Gate  
  23  2:18  Probe  
  26  2:27  Stargate  
  26  2:30  Probe  
  27  2:38  Probe, Stalker  
  27  2:40  Probe  
  30  2:46  Probe  
  30  2:48  Probe  
  32  2:57  Probe  
  33  3:01  Oracle  
  33  3:03  Probe  
  35  3:09  Probe  
  39  3:15  Probe  
  39  3:18  Pylon  
  40  3:21  Probe  
  41  3:27  Probe  
  41  3:28  Oracle  
  41  3:30  Gateway  
  41  3:33  Probe  
  43  3:40  Probe  
  43  3:41  Assimilator  
  47  3:43  Assimilator  
  47  3:47  Probe  
  48  3:53  Robotics Facility  
  49  3:55  Probe  
  49  3:58  Pylon  
  49  3:59  Probe  
  50  4:07  Twilight Council  
  50  4:08  Probe  
  51  4:11  Probe  
  52  4:19  Gateway  
  52  4:21  Gateway  
  52  4:22  Probe  
  52  4:23  Probe  
  54  4:30  Zealot  
  54  4:31  Zealot  
  58  4:33  Warp Prism  
  58  4:35  Pylon  
  57  4:54  Templar Archives  
  57  5:06  Zealot  
  59  5:09  Probe  
  59  5:13  Probe  
  61  5:16  Pylon  
  61  5:18  Nexus  
  61  5:19  Observer  
  61  5:20  Pylon  
  62  5:27  Probe x2  
  64  5:29  Immortal  
  64  5:33  High Templar x3  
  64  5:35  High Templar  
  72  5:37  Pylon  
  72  5:38  Archon x2  
  72  5:41  Probe x2  
  78  5:47  Forge  
  78  5:52  Charge  
  78  5:57  Probe x2  
  78  6:00  Immortal  
  78  6:02  Protoss Ground Weapons Level 1  
  80  6:09  Probe x2  
  86  6:13  Pylon  
  86  6:18  Sentry x2, Observer  
  90  6:22  Gateway  
  90  6:24  Probe  
  91  6:28  Probe  
  91  6:31  Sentry  
  94  6:33  Gateway, Immortal  
  94  6:34  Gateway  
  94  6:35  Probe  
  95  6:45  Probe x2  
  101  6:50  Probe  
  102  6:54  Gateway  
  102  6:57  Zealot x3  
  102  6:59  Zealot  
  110  7:05  Assimilator x2  
  110  7:09  Probe x3, Pylon  
  113  7:21  Probe  
  114  7:24  High Templar  
  114  7:28  Photon Cannon, Pylon  
  114  7:29  High Templar  
  118  7:30  Pylon  
  118  7:31  Pylon  
  118  7:35  Photon Cannon  
  118  7:37  Pylon  
  118  7:38  Photon Cannon  
  118  7:40  Archon, Zealot x3  
  120  7:48  Observer  
  102  7:52  Probe  
  102  7:54  Zealot x2  
  98  8:11  Probe x2  
Tags
 
Add a new tag
Caveats
  • Supply blocks, unpowered buildings, or Contaminate may cause inaccurate times.
  • Supply counts are checked every 10 seconds.